 Dungeon Crawl Stone Soup version 0.29.1-13-g9f3cf754e1 (webtiles) character file.

Game seed: 6462788708211837955

10432 concernfroge the Nimble (level 11, -7/55 HPs)
             Began as a Felid Transmuter on Jan 22, 2023.
             Was a Priest of Wu Jian.
             Mangled by a seven-headed hydra (14 damage)
             ... on level 1 of the Lair of Beasts.
             The game lasted 00:44:46 (16447 turns).

concernfroge the Nimble (Felid Transmuter)         Turns: 16447, Time: 00:44:47

Health: -7/55      AC:  2    Str:  6    XL:     11   Next: 36%
Magic:  15/15      EV: 31    Int: 14    God:    Wu Jian [***...]
Gold:   611        SH:  0    Dex: 22    Spells: 11/14 levels left
                                        Lives:  0   Deaths: 3

rFire   . . .      SeeInvis +     - Unarmed
rCold   . . .      Faith    .   (shield unavailable)
rNeg    + + .      Spirit   .   (body armour unavailable)
rPois   .          Reflect  .   (helmet unavailable)
rElec   .          Harm     .   (cloak unavailable)
rCorr   .          Rampage  .   (gloves unavailable)
Will    +....                   (boots unavailable)
Stlth   ++........              d - amulet of the acrobat
HPRegen 0.18/turn               q - ring of positive energy
MPRegen 0.14/turn               m - ring of positive energy

@: quick
A: very small, claws 1, fangs 3, see invisible, speed 1, shaggy fur 2, stealthy
paws, no weapons or thrown items, no armour, multi-lived
a: Renounce Religion, Wall Jump, Serpent's Lash


You were on level 1 of the Lair of Beasts.
You worshipped Wu Jian.
Wu Jian was most pleased with you.
You visited 3 branches of the dungeon, and saw 13 of its levels.

You collected 650 gold pieces.
You spent 39 gold pieces at shops.

Inventory:

Jewellery
 d - an amulet of the acrobat (around neck)
 k - a ring of flight
 m - a ring of positive energy (right paw)
 q - a ring of positive energy (left paw)
Scrolls
 a - 2 scrolls of magic mapping {unknown}
 b - a scroll of immolation
 e - a scroll of blinking
 f - a scroll of fog {unknown}
 j - 4 scrolls of poison {unknown}
 l - 2 scrolls of noise {unknown}
 o - 4 scrolls of amnesia {unknown}
 p - a scroll of teleportation
 r - a scroll of torment {unknown}
 s - a scroll of summoning {unknown}
 x - 3 scrolls of fear {unknown}
Potions
 c - 2 potions of mutation
 h - a potion of magic
 n - a potion of cancellation
 u - 2 potions of haste
 w - a potion of berserk rage
 z - a potion of experience {unknown}


   Skills:
 + Level 11.3 Fighting
 + Level 14.7 Dodging
 + Level 11.8 Unarmed Combat
 - Level 2.0 Spellcasting
 - Level 2.1 Transmutations


You had 11 spell levels left.
You knew the following spells:

 Your Spells              Type           Power      Damage    Failure   Level
a - Beastly Appendage     Tmut           14%        N/A       10%         1
b - Wereblood             Tmut           7%         N/A       14%         2

Your spell library contained the following spells:

 Spells                   Type           Power      Damage    Failure   Level
 Passwall                 Tmut/Erth      3%         N/A       22%         2
 Ensorcelled Hibernation  Hex/Ice        2%         N/A       34%         2
 Scorch                   Fire           2%         2d5       34%         2
 Spider Form              Tmut/Pois      4%         N/A       41%         3
 Ignite Poison            Fire/Tmut/Pois 3%         N/A       47%         3
 Conjure Flame            Conj/Fire      1%         6-21      56%         3
 Mephitic Cloud           Conj/Pois/Air  1%         N/A       56%         3
 Swiftness                Air            1%         N/A       56%         3
 Ice Form                 Ice/Tmut       4%         N/A       83%         4
 Anguish                  Hex/Necr       0%         N/A       93%         4
 Flame Wave               Conj/Fire      1%         2d4       93%         4
 Sticky Flame             Conj/Fire      1%         2d3       93%         4
 Borgnjor's Vile Clutch   Necr/Erth      0%         N/A       100%        5
 Freezing Cloud           Conj/Ice/Air   0%         6-21      100%        5
 Summon Cactus Giant      Summ           0%         N/A       100%        6
 Death's Door             Necr           0%         N/A       100%        9


Dungeon Overview and Level Annotations

Branches:
Dungeon (11/15)            Temple (1/1) D:6            Lair (1/5) D:11
    Orc (0/2) D:10

Altars:
Ashenzari
Cheibriados
Dithmenos
Elyvilon
Fedhas
Gozag
Hepliaklqana
Kikubaaqudgha
Makhleb
Nemelex Xobeh
Okawaru
Qazlal
Ru
Sif Muna
Trog
Uskayaw
Vehumet
Wu Jian
Xom
Yredelemnul
Zin
The Shining One
Jiyva

Shops:
D:3 !   D:4 (


Innate Abilities, Weirdness & Mutations

You have sharp claws.
You have razor-sharp teeth.
You have supernaturally acute eyesight. (SInv)
You cover ground quickly. (Speed+)
You are covered in thick fur. (AC +2)
Your paws help you pounce on unaware monsters.
You are incapable of wielding weapons or throwing items.
You cannot wear armour.
You gain extra lives every three experience levels.


Message History

The black mamba completely misses you.
You claw the black mamba! Your claw misses the black mamba.
Your bite misses the black mamba.
The black mamba is severely wounded.
The black mamba completely misses you. x2
You scratch the black mamba but do no damage.
The black mamba is severely wounded.
A seven-headed hydra comes into view.
The black mamba completely misses you.
You miss the black mamba.
The seven-headed hydra roars!
Your bite misses the black mamba.
The black mamba is severely wounded.
Your horns disappear.
The black mamba completely misses you. x2
You barely miss the black mamba.
The black mamba is severely wounded.
The black mamba completely misses you.
You scratch the black mamba but do no damage.
The black mamba is severely wounded.
The black mamba completely misses you.
You scratch the black mamba. You claw the black mamba.
The black mamba is almost dead.
The black mamba completely misses you. x2
A water moccasin comes into view.
The water moccasin hisses angrily.
You scratch the black mamba.
You bite the black mamba, but do no damage.
The black mamba is almost dead.
The black mamba closely misses you.
You claw the black mamba!
You kill the black mamba!
The Council accepts your kill.
The seven-headed hydra completely misses you.
The seven-headed hydra bites you!
* * * LOW HITPOINT WARNING * * *
The seven-headed hydra bites you.
* * * LOW HITPOINT WARNING * * *
The seven-headed hydra bites you!
You die...

.. ..#.# .....# #.#...+
.....# ..#S..# #
#####.....## #.#...#.##
..)........# #.#...#..#
..........#.###.#.....####
#...............#.......$.
#...............#D.##.....
#...............@†........
..............#..+#+###...
#..######)....[.........
..## ###........[..#. #..#
#..#........# #.##
#.†#.......... ...#
#..††.......#.
...########.†##+#....##
...............[...)...


You could see a seven-headed hydra and a water moccasin.

Vanquished Creatures
  A boulder beetle (D:6)
  2 hydras
  2 two-headed ogres (D:11)
  A manticore (D:11)
  2 black mambas (Lair:1)
  2 komodo dragons
  A polar bear (Lair:1)
  2 hornets (D:10)
  A slime creature (D:10)
  A shadow (D:7)
  3 wyverns
  23 yaks
  A wraith (D:9)
  4 steam dragons (D:8)
  4 vampire mosquitoes (D:10)
  Menkaure (D:6)
  4 wargs (D:10)
  An acid dragon (D:9)
  3 water moccasins
  4 orc warriors
  4 sky beasts (D:8)
  An ogre (D:5)
  3 centaurs
  A phantom (D:6)
  Blork the orc (D:4)
  2 kobold brigands
  3 bullfrogs
  2 gnoll sergeants
  3 necrophages
  A scorpion (D:5)
  13 wights
  A killer bee (D:8)
  3 howler monkeys
  3 hounds
  3 jellies (D:10)
  4 orc priests
  A gnoll bouda (D:6)
  Jessica (D:2)
  Natasha (thrice) (D:2)
  2 iguanas (D:5)
  9 orc wizards
  Robin (D:2)
  11 adders
  14 gnolls
  A shadow imp (D:7)
  3 white imps
  2 ufetubi
  3 worms
  4 dart slugs
  39 orcs
  12 endoplasms
  2 giant cockroaches
  13 goblins
  8 hobgoblins
  9 jackals
  5 kobolds
  6 quokkas
  A ball python (D:1)
  5 bats
  2 frilled lizards
  3 rats
271 creatures vanquished.

Vanquished Creatures (others)
  11 fungi (Lair:1)
  4 plants (Lair:1)
  A withered plant (D:9)
16 creatures vanquished.

Grand Total: 287 creatures vanquished

Notes
Turn   | Place    | Note
-------+----------+-------------------------------------------
     0 | D:1      | concernfroge the Felid Transmuter began the quest for the
                  | Orb.
     0 | D:1      | Reached XP level 1. HP: 9/9 MP: 4/4
   208 | D:1      | Found a faded altar of an unknown god.
   374 | D:1      | Reached skill level 3 in Dodging
   374 | D:1      | Reached XP level 2. HP: 9/12 MP: 6/6
   377 | D:1      | Learned a level 2 spell: Wereblood
  1233 | D:1      | Reached XP level 3. HP: 16/16 MP: 7/7
  1609 | D:2      | Noticed Robin
  1629 | D:2      | Noticed Jessica
  1633 | D:2      | Killed Jessica
  1634 | D:2      | Reached skill level 4 in Dodging
  1634 | D:2      | Reached XP level 4. HP: 16/19 MP: 3/8
  1646 | D:2      | Killed Robin
  1665 | D:2      | Noticed Natasha
  1668 | D:2      | HP: 1/20 [Natasha (5)]
  1670 | D:2      | Mangled by Natasha
  1671 | D:2      | Reached XP level 3. HP: -6/16 MP: 5/7
  1925 | D:2      | Got the Lessons on Sepulchral Contamination
  2239 | D:3      | Reached XP level 4. HP: 17/20 MP: 5/8
  2386 | D:3      | Reached XP level 5. HP: 24/24 MP: 6/9
  2731 | D:3      | Found a radiant altar of Vehumet.
  2812 | D:3      | Reached skill level 5 in Dodging
  3008 | D:3      | Found Qoinud's Distillery.
  3017 | D:3      | Bought a potion of curing for 39 gold pieces
  3688 | D:4      | Noticed Blork the orc
  3696 | D:4      | Killed Blork the orc
  3697 | D:4      | Gained mutation: You are covered in thick fur. (AC +2)
                  | [Felid growth]
  3697 | D:4      | Reached XP level 6. HP: 7/28 MP: 7/10
  3707 | D:4      | Found Ruemeify's Weapon Boutique.
  4087 | D:4      | Reached skill level 6 in Dodging
  4087 | D:4      | Reached skill level 5 in Unarmed Combat
  4811 | D:5      | Entered Level 5 of the Dungeon
  5080 | D:5      | Reached XP level 7. HP: 33/33 MP: 11/11
  5271 | D:5      | Slain by an iguana
  5272 | D:5      | Reached XP level 6. HP: -1/29 MP: 10/10
  5342 | D:5      | Found Pufeny's Jewellery Emporium.
  6172 | D:6      | Found a staircase to the Ecumenical Temple.
  6214 | D:6      | Noticed an orc warrior
  6219 | D:6      | Reached skill level 7 in Dodging
  6225 | D:6      | Killed an orc warrior
  6226 | D:6      | Reached skill level 5 in Fighting
  6226 | D:6      | Reached XP level 7. HP: 15/33 MP: 8/11
  6240 | D:6      | Noticed Menkaure
  6249 | D:6      | Killed Menkaure
  6462 | D:6      | Noticed a boulder beetle
  6676 | D:7      | Reached skill level 8 in Dodging
  6701 | D:7      | Noticed a shadow
  6742 | D:7      | Reached XP level 8. HP: 28/38 MP: 12/12
  7134 | D:7      | Reached skill level 9 in Dodging
  7813 | Temple   | Entered the Ecumenical Temple
  7971 | Temple   | Became a worshipper of the Wu Jian Council
  8277 | D:8      | Reached XP level 9. HP: 14/43 MP: 13/13
  8526 | D:8      | Reached skill level 10 in Dodging
  9206 | D:8      | Found a sacrificial altar of Ru.
  9427 | D:8      | Reached skill level 11 in Dodging
  9494 | D:8      | Reached * piety under Wu Jian
  9709 | D:8      | Found a sparkling altar of Nemelex Xobeh.
  9980 | D:8      | Reached XP level 10. HP: 32/49 MP: 14/14
 10330 | D:9      | Found an ancient bone altar of Kikubaaqudgha.
 10331 | D:9      | You are sucked into a shaft and drop 2 floors!
 10376 | D:10     | Entered Level 10 of the Dungeon
 10512 | D:10     | Reached skill level 12 in Dodging
 11268 | D:10     | Reached skill level 10 in Unarmed Combat
 11593 | D:10     | Found a staircase to the Orcish Mines.
 11670 | D:10     | Found a viscous altar of Jiyva.
 12110 | D:9      | Noticed a six-headed hydra
 12145 | D:9      | Found an opulent altar of Gozag.
 12145 | D:9      | Found a glowing silver altar of Zin.
 12543 | D:9      | Reached ** piety under Wu Jian
 12667 | D:9      | Killed a six-headed hydra
 12668 | D:9      | Reached skill level 10 in Fighting
 12668 | D:9      | Reached skill level 13 in Dodging
 12668 | D:9      | Reached XP level 11. HP: 36/54 MP: 15/15
 12809 | D:9      | Found a hide-covered altar of Uskayaw.
 12951 | D:9      | Identified the +6 short sword "Vubas" {venom, rPois}
 13655 | D:6      | Mangled by a boulder beetle
 13656 | D:6      | Reached XP level 10. HP: -10/51 MP: 14/14
 13679 | D:6      | Killed a boulder beetle
 13699 | D:6      | Identified the +0 scale mail of the Butterfly {Harm Dex+5}
 13926 | D:2      | Killed Natasha
 13950 | D:2      | Noticed Natasha
 13955 | D:2      | Killed Natasha
 13959 | D:2      | Noticed Natasha
 13969 | D:2      | Killed Natasha
 14407 | D:11     | Noticed a two-headed ogre
 14432 | D:11     | Killed a two-headed ogre
 14837 | D:11     | Noticed a two-headed ogre
 14847 | D:11     | Killed a two-headed ogre
 14848 | D:11     | Reached skill level 14 in Dodging
 14951 | D:11     | Found a staircase to the Lair.
 15075 | D:11     | Noticed a manticore
 15081 | D:11     | Killed a manticore
 15082 | D:11     | Reached XP level 11. HP: 55/55 MP: 15/15
 15150 | Lair:1   | Entered Level 1 of the Lair of Beasts
 15165 | Lair:1   | Noticed a seven-headed hydra
 15177 | Lair:1   | Killed a seven-headed hydra
 16414 | Lair:1   | Reached *** piety under Wu Jian
 16441 | Lair:1   | Noticed a seven-headed hydra
 16447 | Lair:1   | Mangled by a seven-headed hydra

Illustrated notes

Levels and vault maps discovered:
D:1:      tarquinn_simple_flora_water_b, layout_loops_ring,
          hellmonk_ecumenical_altar_zigzags, minivault_19, hangedman_decor_push
D:2:      layout_basic, uniq_natasha, uniq_jessica, uniq_robin
D:3:      layout_loops_ring, mainiacjoe_overflow_paths, serial_shops, shop,
          hex_tiny, chequers_serial_rivers_micro_e
D:4:      layout_basic, serial_shops, nicolae_shop_trees, uniq_blork_the_orc
D:5:      layout_basic, serial_shops, nicolae_shop_waterfront,
          serial_park_tiny_pond
D:6:      layout_loops_ring, minmay_temple_entry_from_below_b, uniq_menkaure
D:7:      minmay_spotlight, layout_rooms
D:8:      layout_cave_pods, mainiacjoe_overflow_large_starburst, st_stairs_11,
          hangedman_misty_isle
D:9:      layout_irregular_city, grunt_temple_overflow_gold_and_silver,
          nicolae_uskayaw_dance_hall, kiku_gazebo_garden_becter
D:10:     layout_small_grid, minmay_orc_entry_guard_dogs, minivault_27,
          jiyva_altar_1
D:11:     layout_rooms, lair_entry_dummy, minivault_1
Temple:   bh_familiar_temple
Lair:1:   minmay_guarded_unrand_snakebite, layout_chaotic_city,
          minmay_lair_oklob_bushes, grunt_megastairs_1

Skill      XL: |  1  2  3  4  5  6  7  8  9 10 11 |
---------------+----------------------------------+-----
Dodging        | 3 4 5 7 8 9 11 14 | 14.7
Fighting       | 2 3 5 7 8 10 11 | 11.3
Unarmed Combat | 4 5 6 7 9 11 | 11.8
Spellcasting   | |  2.0
Transmutations | |  2.1

Action                   |  1- 3 |  4- 6 |  7- 9 | 10-12 || total
-------------------------+-------+-------+-------+-------++-------
Melee: Unarmed           |   142 |   165 |   323 |   511 ||  1141
       Bite              |    14 |    12 |    55 |    81 ||   162
       Headbutt          |     8 |    29 |    39 |   108 ||   184
       Punch             |     1 |     5 |    12 |    48 ||    66
 Cast: Beastly Appendage |     5 |    14 |    20 |    34 ||    73
       Wereblood         |     4 |     9 |    12 |    18 ||    43
Invok: Lunge             |       |       |     8 |    42 ||    50
       Whirlwind         |       |       |       |    56 ||    56
Evoke: Wand              |       |     7 |    14 |    16 ||    37
  Use: Potion            |     1 |     2 |     5 |     9 ||    17
       Scroll            |       |     7 |     2 |     5 ||    14
 Stab: Sleeping          |     2 |     5 |     1 |     3 ||    11
       Paralysed         |       |    10 |    12 |       ||    22
       Distracted        |       |     1 |       |     1 ||     2
       Invisible         |       |       |     2 |       ||     2
Armor: Skin              |    30 |    16 |    15 |     8 ||    69
Dodge: Dodged            |   101 |   103 |   278 |   449 ||   931
